 Dungeon Crawl Stone Soup version 0.25.0-9-g26727b657a (webtiles) character file.

Game seed: 12023970111652948229

468 mopl the Insei (level 7, -4/38 HPs)
             Began as a Kobold Transmuter on June 18, 2020.
             Slain by an ogre
             ... wielding a +0 giant club
              (14 damage)
             ... on level 4 of the Dungeon.
             The game lasted 00:06:24 (3618 turns).

mopl the Insei (Kobold Transmuter)                  Turns: 3618, Time: 00:06:24

Health: -4/38      AC:  2    Str: 10    XL:     7   Next: 30%
Magic:  12/12      EV: 15    Int: 14    God:
Gold:   194        SH:  0    Dex: 15    Spells: 3/13 levels left

rFire    . . .     SeeInvis .     - Unarmed
rCold    . . .     Gourm    .   (shield restricted)
rNeg     . . .     Faith    .   b - +0 robe
rPois    +         Spirit   .   (no helmet)
rElec    .         Reflect  .   (no cloak)
rCorr    .         Harm     .   (no gloves)
MR       .....                  (no boots)
Stlth    +.........             c - amulet of magic regeneration
HPRegen  0.12/turn              h - ring of poison resistance
MPRegen  0.38/turn              q - ring of wizardry

@: no status effects
A: small, carnivore
a: no special abilities


You were on level 4 of the Dungeon.
You were completely stuffed.

You visited 1 branch of the dungeon, and saw 5 of its levels.

You collected 194 gold pieces.

Inventory:

Hand Weapons
 A - a +1 dagger of draining
Missiles
 a - 50 arrows
 f - 96 stones (quivered)
 r - 17 sling bullets
 F - 5 boomerangs
Armour
 b - a +0 robe (worn)
Jewellery
 c - an amulet of magic regeneration (around neck)
 h - a ring of poison resistance (left hand)
 q - a ring of wizardry (right hand)
Wands
 w - a wand of paralysis (13)
 x - a wand of digging (11)
Scrolls
 i - 2 scrolls of immolation {unknown}
 k - a scroll of blinking {unknown}
 p - 2 scrolls of enchant weapon {unknown}
 s - 3 scrolls of remove curse
 t - 3 scrolls of teleportation {unknown}
 u - 4 scrolls of identify {unknown}
 v - 2 scrolls of magic mapping {unknown}
 y - 2 scrolls of fog {unknown}
Potions
 e - a potion of resistance {unknown}
 g - 2 potions of mutation {unknown}
 j - a potion of lignification {unknown}
 l - a potion of might {unknown}
 m - 2 potions of heal wounds {unknown}
 n - a potion of haste {unknown}
 o - 4 potions of curing {unknown}
 z - a potion of magic {unknown}
 B - a potion of flight {unknown}
 D - a potion of cancellation {unknown}
 E - a potion of degeneration {unknown}
Comestibles
 d - 8 rations


   Skills:
 - Level 1.1 Fighting
 - Level 2.4 Dodging
 * Level 5.4 Unarmed Combat
 + Level 3.8 Spellcasting
 + Level 3.6 Transmutations
 + Level 1.9 Ice Magic
 - Level 2.0 Poison Magic


You had 3 spell levels left.
You knew the following spells:

 Your Spells              Type           Power        Failure   Level  Hunger
a - Beastly Appendage     Tmut           ##....       1%          1    None
b - Spider Form           Tmut/Pois      ##........   8%          3    ###....
d - Ice Form              Ice/Tmut       ##......     24%         4    ####...
w - Sticks to Snakes      Tmut           ##......     2%          2    ##.....

Your spell library contained the following spells:

 Spells                   Type           Power        Failure   Level  Hunger
 Blade Hands              Tmut           ##........   43%         5    ######.


Dungeon Overview and Level Annotations

Branches:
Dungeon (5/15)
 Temple: D:4-7

Altars:
Ashenzari
Gozag
Xom

Annotations:
D:3 3 runed translucent doors, Dirian's ghost, amateur MiFi; nihilominus's ghost, amateur OpWz; windycow's ghost, amateur HuBe; xccam's ghost, amateur FoFi


Innate Abilities, Weirdness & Mutations

You are small and have problems with some larger weapons.
You are carnivorous and can eat meat at any time.


Message History

The shadow imp misses you.
You hit the shadow imp.
You kill the shadow imp!
The ogre hits you with a +0 giant club!!
Ouch! That really hurt!
* * * LOW HITPOINT WARNING * * *
You are too injured to fight recklessly!
You are too injured to fight recklessly!
You are too injured to fight recklessly!
Your transformation is almost over.
There is an open door here.
You close the door.
An ogre opens the door.
You close the door.
An ogre opens the door.
You close the door.
An ogre opens the door.
As you close the door, it creaks loudly!
An ogre opens the door.
Your transformation has ended.
Your +0 robe unmelds from your body.
The ogre hits you with a +0 giant club!
You die...

#... #....## #.... . #...### .##
#...##. .... ############..#..
....##+###..#..##..##..#..
...........#.......#......
........@.#.......#...#.. .
........O.#.......#...#.. ?.
..##.....##..###.##..##.
...##########...)[##+####.##..###
....$.......+...[[#..............
.........5..#.....#..............
...###.###.####..###.####.....##.
#.###.####..########.....##.
...#...>#....#.<............


You could see an ogre.

Vanquished Creatures
  An ogre (D:4)
  A bullfrog skeleton (D:4)
  Terence (D:3)
  Jessica (D:3)
  Ijyb (D:3)
  Natasha (thrice) (D:3)
  A worker ant (D:4)
  7 adders
  A shadow imp (D:4)
  3 worms
  2 dart slugs (D:2)
  3 leopard geckos
  10 orcs
  7 giant cockroaches
  14 hobgoblins
  2 jackals (D:3)
  A quokka (D:2)
  10 bats
  3 frilled lizards (D:2)
  7 goblins
  6 kobolds
  6 rats
91 creatures vanquished.

Vanquished Creatures (others)
  A withered plant (D:3)
1 creature vanquished.

Grand Total: 92 creatures vanquished

Notes
Turn   | Place    | Note
-------+----------+-------------------------------------------
     0 | D:1      | mopl the Kobold Transmuter began the quest for the Orb.
     0 | D:1      | Reached XP level 1. HP: 12/12 MP: 3/3
   224 | D:1      | Reached XP level 2. HP: 9/16 MP: 5/5
   389 | D:1      | Learned a level 2 spell: Sticks to Snakes
   639 | D:1      | Reached XP level 3. HP: 19/20 MP: 4/6
   753 | D:1      | Learned a level 3 spell: Spider Form
  1035 | D:2      | Reached XP level 4. HP: 15/25 MP: 6/8
  1429 | D:2      | Reached skill level 4 in Unarmed Combat
  1447 | D:2      | Found a shattered altar of Ashenzari.
  1562 | D:2      | Reached skill level 1 in Poison Magic
  1754 | D:3      | Noticed Natasha
  1766 | D:3      | Killed Natasha
  1766 | D:3      | Reached XP level 5. HP: 18/29 MP: 3/9
  2103 | D:3      | Found an opulent altar of Gozag.
  2153 | D:3      | Found a runed translucent gate.
  2153 | D:3      | Found a runed translucent gate.
  2166 | D:3      | Learned a level 4 spell: Ice Form
  2194 | D:3      | You fall into a shaft and drop 1 floor!
  2305 | D:3      | Noticed Jessica
  2305 | D:3      | Noticed Natasha
  2313 | D:3      | Killed Natasha
  2313 | D:3      | Reached XP level 6. HP: 29/34 MP: 7/10
  2316 | D:3      | Killed Jessica
  2317 | D:3      | Noticed Ijyb
  2324 | D:3      | Paralysed by Ijyb for 2 turns
  2327 | D:3      | Killed Ijyb
  2327 | D:3      | Reached skill level 1 in Ice Magic
  2426 | D:3      | Noticed Terence
  2435 | D:3      | Killed Terence
  2638 | D:3      | Noticed Natasha
  2643 | D:3      | Killed Natasha
  2689 | D:3      | Found a runed translucent gate.
  2692 | D:3      | Noticed windycow's ghost (amateur HuBe)
  2692 | D:3      | Noticed nihilominus's ghost (amateur OpWz)
  2692 | D:3      | Noticed Dirian's ghost (amateur MiFi)
  2692 | D:3      | Noticed xccam's ghost (amateur FoFi)
  2772 | D:3      | Reached skill level 5 in Unarmed Combat
  3101 | D:4      | Noticed an ogre
  3108 | D:4      | Killed an ogre
  3108 | D:4      | Reached XP level 7. HP: 38/38 MP: 10/12
  3253 | D:4      | Found a shimmering altar of Xom.
  3351 | D:5      | Entered Level 5 of the Dungeon
  3618 | D:4      | Slain by an ogre

Illustrated notes

Levels and vault maps discovered:
D:1:      noname_arrival_rooms_in_the_neighbourhood, layout_loops_cross
D:2:      layout_rooms, first_ration, nicolae_ashenzari_panopticon
D:3:      layout_basic, grunt_gozag_breadcrumbs, gammafunk_ghost_cemetery,
          minmay_misc_feat_square, uniq_terence, uniq_jessica, uniq_natasha,
          uniq_ijyb
D:4:      layout_gridville, old_standard_altar, minmay_temple_entry_large_hall,
          serial_shops, nicolae_shop_overgrown_old_shop, corexii_corridor_pit,
          grunt_ministairs_2, minmay_ruined_shrine
D:5:      layout_loops_corners, tgw_trog, kennysheep_little_box,
          lemuel_crystal_altar

Skill      XL: |  1  2  3  4  5  6 |
---------------+-------------------+-----
Unarmed Combat | 4 5 |  5.4
Poison Magic   | 1 2 |  2.0
Spellcasting   | 3 |  3.8
Transmutations | 3 |  3.6
Ice Magic      | 1 |  1.9
Fighting       | |  1.1
Dodging        | |  2.4

Action                   |  1- 3 |  4- 6 |  7- 9 || total
-------------------------+-------+-------+-------++-------
Melee: Unarmed           |   136 |   180 |    57 ||   373
       Kick              |     7 |       |       ||     7
       Headbutt          |     6 |       |       ||     6
       Punch             |     2 |       |     1 ||     3
 Cast: Beastly Appendage |    21 |       |       ||    21
       Spider Form       |     5 |    13 |     2 ||    20
 Abil: End Transformatio |       |     1 |       ||     1
  Use: Scroll            |       |     1 |       ||     1
 Stab: Sleeping          |       |     4 |       ||     4
       Distracted        |       |     1 |       ||     1
  Eat: Chunk             |    10 |     8 |     2 ||    20
Armor: Robe              |    22 |    18 |     3 ||    43
       Skin              |     4 |     1 |     2 ||     7
Dodge: Dodged            |    97 |   135 |    48 ||   280
